 Dungeon Crawl Stone Soup version 0.28.0-43-g3370ac3207 (webtiles) character file.

Game seed: 14437313845193390233

3320 tizbic2 the Summoner (level 10, -7/73 HPs)
             Began as a Gnoll Summoner on Mar 7, 2022.
             Was an Initiate of Cheibriados.
             Engulfed by a cloud of steam (16 damage)
             ... on level 8 of the Dungeon.
             The game lasted 00:39:55 (6978 turns).

tizbic2 the Summoner (Gnoll Summoner)               Turns: 6978, Time: 00:39:55

Health: -7/73      AC:  6    Str: 12    XL:     10   Next: 2%
Magic:  16/18      EV: 15    Int: 17    God:    Cheibriados [......]
Gold:   47         SH:  5    Dex: 16    Spells: 17/23 levels left

rFire   x . .      SeeInvis .   e - +10 dire flail of Psychosis {flame, rPois rF- rN+ Dex+3}
rCold   . . .      Faith    .   (shield currently unavailable)
rNeg    + . .      Spirit   .   E - +1 troll leather armour
rPois   +          Reflect  +   (no helmet)
rElec   .          Harm     .   j - +0 cloak
rCorr   .          Rampage  .   H - +0 pair of gloves {hurl}
Will    .....                   (no boots)
Stlth   +++.......              s - amulet of reflection
HPRegen 1.02/turn               p - ring of flight
MPRegen 0.16/turn               (no ring)

@: flying, very slow
A: fangs 1, strong nose, distributed training, deformed body, low MP 1,
evolution 1
a: Renounce Religion


You were on level 8 of the Dungeon.
You worshipped Cheibriados.
Cheibriados was noncommittal.
You visited 2 branches of the dungeon, and saw 9 of its levels.

You collected 444 gold pieces.
You spent 397 gold pieces at shops.

Inventory:

Hand Weapons
 a - a +9 spectral club
 e - the +10 dire flail of Psychosis (weapon) {flame, rPois rF- rN+ Dex+3}
   (You acquired it on level 6 of the Dungeon)

   It burns those it strikes, dealing additional fire damage.
   Dex:       It affects your dexterity (+3).
   rF:        It makes you vulnerable to fire.
   rPois:     It protects you from poison.
   rN:        It protects you from negative energy.
 w - a +1 shortbow
 D - a +2 dagger of venom
Missiles
 f - 166 stones
 g - 251 arrows
 m - 3 curare-tipped darts (quivered)
 n - 5 javelins
 r - 13 poisoned darts
 v - a boomerang
Armour
 j - a +0 cloak (worn)
 E - a +1 troll leather armour (worn)
 H - a +0 pair of gloves of hurling (worn)
Jewellery
 o - a ring of ice
 p - a ring of flight (left hand)
 s - an amulet of reflection (around neck)
Wands
 x - a wand of iceblast (15)
 C - a wand of acid (6)
Scrolls
 k - a scroll of amnesia
 l - a scroll of blinking
 t - a scroll of fear
 y - a scroll of summoning
 z - 3 scrolls of magic mapping
 G - 3 scrolls of teleportation
Potions
 b - 3 potions of curing
 c - 2 potions of haste
 d - 2 potions of lignification
 h - a potion of degeneration {unknown}
 i - a potion of mutation
 q - a potion of heal wounds {unknown}
 u - 2 potions of brilliance
 A - a potion of berserk rage {unknown}
 F - 3 potions of attraction


   Skills:
 + Level 4.8 Fighting
 + Level 4.8 Short Blades
 + Level 4.8 Long Blades
 + Level 4.8 Axes
 + Level 4.8 Maces & Flails
 + Level 4.8 Polearms
 + Level 4.8 Staves
 + Level 4.8 Slings
 + Level 4.8 Bows
 + Level 4.8 Crossbows
 + Level 4.8 Throwing
 + Level 4.8 Armour
 + Level 6.7 Dodging
 + Level 6.4 Stealth
 + Level 4.8 Shields
 + Level 4.8 Unarmed Combat
 + Level 7.0 Spellcasting
 + Level 4.0 Conjurations
 + Level 4.0 Hexes
 + Level 8.2 Summonings
 + Level 4.0 Necromancy
 + Level 4.0 Translocations
 + Level 4.0 Transmutations
 + Level 4.0 Fire Magic
 + Level 4.0 Ice Magic
 + Level 4.0 Air Magic
 + Level 4.0 Earth Magic
 + Level 4.0 Poison Magic
 + Level 5.3 Invocations
 + Level 4.8 Evocations


You had 17 spell levels left.
You knew the following spells:

 Your Spells              Type           Power      Damage    Failure   Level
a - Summon Small Mammal   Summ           100%       N/A       1%          1
b - Call Imp              Summ           34%        N/A       1%          2
c - Call Canine Familiar  Summ           34%        N/A       1%          3

Your spell library contained the following spells:

 Spells                   Type           Power      Damage    Failure   Level
 Summon Guardian Golem    Hex/Summ       26%        N/A       3%          3
 Corpse Rot               Necr/Air       38%        N/A       4%          2
 Ensorcelled Hibernation  Hex/Ice        38%        N/A       4%          2
 Ignite Poison            Fire/Tmut/Pois 19%        N/A       9%          3
 Mephitic Cloud           Conj/Pois/Air  19%        N/A       9%          3
 Spider Form              Tmut/Pois      19%        N/A       9%          3
 Tukima's Dance           Hex            19%        N/A       9%          3
 Summon Lightning Spire   Summ/Air       26%        N/A       12%         4
 Anguish                  Hex/Necr       9%         N/A       28%         4
 Dispel Undead            Necr           19%        3d11      28%         4
 Passage of Golubria      Tloc           19%        N/A       28%         4
 Freezing Cloud           Conj/Ice/Air   9%         6-21      61%         5
 Yara's Violent Unravell  Hex/Tmut       9%         3d6       61%         5
 Death Channel            Necr           9%         N/A       99%         6


Dungeon Overview and Level Annotations

Branches:
Dungeon (8/15)             Temple (1/1) D:7
   Lair: D:8-11

Altars:
Ashenzari
Cheibriados
Dithmenos
Fedhas
Gozag
Hepliaklqana
Kikubaaqudgha
Makhleb
Nemelex Xobeh
Okawaru
Qazlal
Ru
Trog
Uskayaw
Wu Jian
Xom
Yredelemnul
The Shining One

Shops:
D:5 ?   D:6 [


Innate Abilities, Weirdness & Mutations

You have very sharp teeth.
Your uncanny sense of smell can sniff out nearby items.
Your experience applies equally to all skills.
Armour fits poorly on your strangely shaped body.
Your magical capacity is low. (-10% MP)
You have hidden genetic potential.


Message History

There is a stone staircase leading up here.
f - 166 stones (gained 23)
There is a stone staircase leading down here.
You fly downwards.
There is a stone staircase leading up here.
A steam dragon comes into view.
The steam dragon hisses angrily.
Casting: Call Canine Familiar (safe; 1% risk of failure)
Confirm with . or Enter, or press ? or * to list all spells.
The steam dragon misses you. The steam dragon closely misses you.
You barely miss the steam dragon. Your bite misses the steam dragon.
The steam dragon barely misses you. The steam dragon closely misses you.
You completely miss the steam dragon. You block the steam dragon's attack.
The steam dragon misses you.
You puncture the steam dragon! You burn the steam dragon.
The steam dragon is severely wounded.
The steam dragon breathes steam at you. The ball of steam hits you!!
The steam scalds you terribly! The ball of steam hits your hound!!
Your hound dies!
Your hound's corpse disappears in a puff of smoke!
The steam dragon breathes steam at you. The ball of steam hits you!!
The steam scalds you terribly!
You hit the steam dragon. You burn the steam dragon.
The steam dragon is almost dead.
You are engulfed in a cloud of scalding steam.
* * * LOW HITPOINT WARNING * * *
The steam dragon misses you. The steam dragon claws you.
* * * LOW HITPOINT WARNING * * *
You closely miss the steam dragon.
The steam dragon is almost dead.
You are engulfed in a cloud of scalding steam.
* * * LOW HITPOINT WARNING * * *
You block the steam dragon's attack. x2
You sock the steam dragon! You burn the steam dragon.
You kill the steam dragon!
Cheibriados thoroughly appreciates the change of pace.
The steam dragon scales are intact enough to wear.
You are engulfed in a cloud of scalding steam.
You die...

∆ #.#.##########
#.....[@.§.§.#
#.#.########.#
#.# #.# # #.#
###.# #.#
......##### #.#
.......<..# #.#
###.#####.####.#


There were no monsters in sight!

Vanquished Creatures
  A two-headed ogre (D:6)
  A troll (D:6)
  Eustachio (D:6)
  A steam dragon (D:8)
  A necrophage (D:7)
  An orc warrior (D:7)
  A sky beast (D:6)
  2 ogres
  2 centaurs
  A kobold brigand (D:6)
  A wyvern zombie (D:6)
  A scorpion (D:4)
  A water moccasin skeleton (D:7)
  A howler monkey (D:4)
  A bullfrog zombie (D:6)
  A hound (D:6)
  A centaur skeleton (D:6)
  An orc wizard (D:6)
  A killer bee zombie (D:7)
  2 hound skeletons (D:4)
  3 adders
  2 shadow imps
  2 ufetubi
  2 worms
  7 orcs
  2 endoplasms
  A giant cockroach (D:2)
  2 hobgoblins (D:4)
  2 jackals (D:3)
  6 kobolds
  3 quokkas
  3 bats
  2 frilled lizards (D:3)
  6 goblins
  4 rats
70 creatures vanquished.

Vanquished Creatures (collateral kills)
  A troll (D:6)
  Sigmund (D:6)
  Menkaure (D:4)
  A necrophage (D:6)
  An ogre (D:4)
  A kobold brigand (D:7)
  Blork the orc (D:6)
  A water moccasin zombie (D:5)
  A scorpion (D:5)
  A water moccasin skeleton (D:5)
  A jelly (D:4)
  2 hounds
  Ijyb (D:3)
  2 iguanas
  A hound skeleton (D:5)
  A gnoll (D:1)
  5 adders
  A howler monkey skeleton (D:4)
  An adder skeleton (D:4)
  A worm (D:3)
  A dart slug (D:2)
  2 orcs (D:3)
  4 endoplasms
  A giant cockroach (D:1)
  8 goblins
  4 hobgoblins
  A jackal (D:3)
  6 kobolds
  8 ball pythons
  3 bats (D:1)
  4 rats
68 creatures vanquished.

Vanquished Creatures (others)
  10 plants (D:6)
10 creatures vanquished.

Grand Total: 148 creatures vanquished

Notes
Turn   | Place    | Note
-------+----------+-------------------------------------------
     0 | D:1      | tizbic2 the Gnoll Summoner began the quest for the Orb.
     0 | D:1      | Reached XP level 1. HP: 13/13 MP: 6/6
   164 | D:1      | Reached XP level 2. HP: 20/20 MP: 1/7
   376 | D:1      | Learned a level 2 spell: Call Imp
   403 | D:1      | Reached XP level 3. HP: 25/25 MP: 6/9
   405 | D:1      | Reached skill level 5 in Spellcasting
   586 | D:1      | Learned a level 3 spell: Call Canine Familiar
   759 | D:2      | Found a faded altar of an unknown god.
   929 | D:2      | Reached skill level 1 in Invocations
  1036 | D:2      | Reached skill level 1 in Fighting
  1036 | D:2      | Reached skill level 1 in Short Blades
  1036 | D:2      | Reached skill level 1 in Long Blades
  1036 | D:2      | Reached skill level 1 in Axes
  1036 | D:2      | Reached skill level 1 in Maces & Flails
  1036 | D:2      | Reached skill level 1 in Polearms
  1036 | D:2      | Reached skill level 1 in Staves
  1036 | D:2      | Reached skill level 1 in Slings
  1036 | D:2      | Reached skill level 1 in Bows
  1036 | D:2      | Reached skill level 1 in Crossbows
  1036 | D:2      | Reached skill level 1 in Throwing
  1036 | D:2      | Reached skill level 1 in Armour
  1036 | D:2      | Reached skill level 1 in Shields
  1036 | D:2      | Reached skill level 1 in Unarmed Combat
  1036 | D:2      | Reached skill level 1 in Evocations
  1036 | D:2      | Reached XP level 4. HP: 32/32 MP: 11/11
  1625 | D:3      | Reached skill level 1 in Conjurations
  1625 | D:3      | Reached skill level 1 in Hexes
  1625 | D:3      | Reached skill level 1 in Necromancy
  1625 | D:3      | Reached skill level 1 in Translocations
  1625 | D:3      | Reached skill level 1 in Transmutations
  1625 | D:3      | Reached skill level 1 in Fire Magic
  1625 | D:3      | Reached skill level 1 in Ice Magic
  1625 | D:3      | Reached skill level 1 in Air Magic
  1625 | D:3      | Reached skill level 1 in Earth Magic
  1625 | D:3      | Reached skill level 1 in Poison Magic
  1974 | D:3      | Reached XP level 5. HP: 34/37 MP: 12/12
  2343 | D:3      | Noticed Ijyb
  2361 | D:3      | Killed Ijyb
  2738 | D:4      | Reached XP level 6. HP: 39/44 MP: 10/13
  3083 | D:4      | Reached skill level 5 in Dodging
  3150 | D:4      | Reached XP level 7. HP: 36/50 MP: 12/15
  3435 | D:4      | Noticed Menkaure
  3457 | D:4      | Killed Menkaure
  3926 | D:5      | Entered Level 5 of the Dungeon
  3958 | D:5      | Reached skill level 5 in Stealth
  4184 | D:5      | Found Gupoavet's Magic Scroll Boutique.
  4200 | D:5      | Bought a scroll of enchant weapon for 105 gold pieces
  4257 | D:5      | Reached XP level 8. HP: 50/57 MP: 13/16
  4573 | D:6      | Noticed Sigmund
  4585 | D:6      | Killed Sigmund
  4621 | D:6      | Found Hofomas's Antique Armour Shoppe.
  4646 | D:6      | Noticed a troll
  4657 | D:6      | Killed a troll
  5094 | D:6      | Identified the +3 leather armour "Caalayn" {Fly SInv}
  5236 | D:6      | Reached XP level 9. HP: 65/65 MP: 12/18
  5486 | D:6      | Noticed Blork the orc
  5493 | D:6      | Killed Blork the orc
  5500 | D:6      | Found a hide-covered altar of Uskayaw.
  5508 | D:6      | Noticed a troll
  5513 | D:6      | Noticed a two-headed ogre
  5515 | D:6      | Killed a troll
  5543 | D:6      | Killed a two-headed ogre
  5544 | D:6      | Reached skill level 8 in Summonings
  5663 | D:6      | Reached skill level 5 in Invocations
  5722 | D:6      | Noticed Eustachio
  5735 | D:6      | Killed Eustachio
  5785 | D:6      | Identified a scroll of acquirement
  5785 | D:6      | Acquired the +10 dire flail of Psychosis {flame, rPois rF-
                  | rN+ Dex+3}
  5948 | D:7      | Found a staircase to the Ecumenical Temple.
  5972 | Temple   | Entered the Ecumenical Temple
  6106 | Temple   | Became a worshipper of Cheibriados the Contemplative
  6197 | D:7      | Found a bloodstained altar of Trog.
  6364 | D:6      | Bought a pair of embroidered gloves for 187 gold pieces
  6379 | D:6      | Gained mutation: Armour fits poorly on your strangely
                  | shaped body. [potion of mutation]
  6379 | D:6      | Gained mutation: Your magical capacity is low. (-10% MP)
                  | [potion of mutation]
  6379 | D:6      | Gained mutation: You have hidden genetic potential. [potion
                  | of mutation]
  6668 | D:7      | Reached XP level 10. HP: 73/73 MP: 18/18
  6852 | D:5      | Bought a scroll of enchant armour for 105 gold pieces
  6978 | D:8      | Engulfed by a cloud of steam

Illustrated notes

Levels and vault maps discovered:
D:1:      psy_arrival_dodecagon, layout_rooms
D:2:      layout_basic, hellmonk_ecumenical_altar_run_dry,
          hangedman_decor_clover_reticule
D:3:      kennysheep_goblin_castle, layout_basic
D:4:      layout_basic, fountainhead, grunt_decor_fettered, uniq_menkaure,
          uniq_ijyb
D:5:      layout_basic, serial_shops, nicolae_shop_hallway_plus
D:6:      minmay_cornered_nines, layout_layer_cave, overflow_temple_1_default,
          serial_shops, shop, chequers_serial_rivers_micro_a,
          lexackson_kobold_supper, uniq_sigmund, uniq_blork_the_orc,
          uniq_eustachio
D:7:      layout_basic, mainiacjoe_overflow_cross_hatched,
          minmay_temple_entry_hall
D:8:      layout_loops_ring, lair_entry_dummy, minmay_misc_feat_columns,
          uniq_pikel, uniq_joseph, uniq_gastronok
Temple:   eino_temple_rhombus

Skill      XL: |  1  2  3  4  5  6  7  8  9 |
---------------+----------------------------+-----
Spellcasting   | 5 6 7 |  7.0
Invocations    | 1 2 3 4 5 |  5.3
Fighting       | 1 2 3 4 |  4.8
Short Blades   | 1 2 3 4 |  4.8
Long Blades    | 1 2 3 4 |  4.8
Axes           | 1 2 3 4 |  4.8
Maces & Flails | 1 2 3 4 |  4.8
Polearms       | 1 2 3 4 |  4.8
Staves         | 1 2 3 4 |  4.8
Slings         | 1 2 3 4 |  4.8
Bows           | 1 2 3 4 |  4.8
Crossbows      | 1 2 3 4 |  4.8
Throwing       | 1 2 3 4 |  4.8
Armour         | 1 2 3 4 |  4.8
Shields        | 1 2 3 4 |  4.8
Unarmed Combat | 1 2 3 4 |  4.8
Evocations     | 1 2 3 4 |  4.8
Conjurations   | 1 2 3 4 |  4.0
Hexes          | 1 2 3 4 |  4.0
Necromancy     | 1 2 3 4 |  4.0
Translocations | 1 2 3 4 |  4.0
Transmutations | 1 2 3 4 |  4.0
Fire Magic     | 1 2 3 4 |  4.0
Ice Magic      | 1 2 3 4 |  4.0
Air Magic      | 1 2 3 4 |  4.0
Earth Magic    | 1 2 3 4 |  4.0
Poison Magic   | 1 2 3 4 |  4.0
Dodging        | 5 6 |  6.7
Stealth        | 5 6 |  6.4
Summonings     | 8 |  8.2

Action                   |  1- 3 |  4- 6 |  7- 9 | 10-12 || total
-------------------------+-------+-------+-------+-------++-------
Melee: Dagger            |    19 |    48 |       |       ||    67
       Unarmed           |     2 |       |       |       ||     2
       Bite              |     3 |     4 |    18 |       ||    25
       Great sword       |       |     9 |       |       ||     9
       Punch             |       |     1 |     4 |       ||     5
       Flail             |       |    12 |       |       ||    12
       Club              |       |    25 |   109 |       ||   134
       Dire flail        |       |       |    19 |     6 ||    25
 Fire: Shortbow          |       |       |    21 |       ||    21
Throw: Stone             |       |     9 |     1 |       ||    10
       Dart              |       |     4 |     5 |       ||     9
       Boomerang         |       |       |     6 |       ||     6
 Cast: Summon Small Mamm |    23 |    16 |     9 |       ||    48
       Call Imp          |     2 |    12 |    10 |       ||    24
       Call Canine Famil |     3 |    10 |    22 |     1 ||    36
  Use: Scroll            |       |     8 |    10 |     1 ||    19
       Potion            |       |     1 |     2 |       ||     3
 Stab: Sleeping          |     1 |     4 |     2 |       ||     7
       Distracted        |       |       |     1 |       ||     1
Armor: Robe              |     8 |       |       |       ||     8
       Ring mail         |     4 |    48 |    32 |       ||    84
       Skin              |       |     3 |       |       ||     3
       Troll leather arm |       |       |    14 |       ||    14
Dodge: Dodged            |    22 |    77 |    77 |     6 ||   182
Block: Other             |       |       |    25 |     3 ||    28
